 Dungeon Crawl Stone Soup version 0.24.1-4-ge52af88ad5 (webtiles) character file.

Game seed: 7419984929306188194, levelgen mode: deterministic

144743 Doot the Unseen (level 16, -7/85 HPs)
             Began as a Spriggan Artificer on Apr 18, 2020.
             Was the Champion of Nemelex Xobeh.
             Mangled by a merfolk
             ... wielding a +0 trident
             ... summoned by the power of Zot
              (10 damage)
             ... while petrified
             ... on level 1 of the Shoals on Apr 19, 2020.
             The game lasted 01:50:52 (34459 turns).

Doot the Unseen (Spriggan Artificer)               Turns: 34459, Time: 01:50:53

Health: -7/85      AC: 10    Str:  9    XL:     16   Next: 85%
Magic:  29/29      EV:  4    Int: 26    God:    Nemelex Xobeh [******]
Gold:   2914       SH:  0    Dex: 22    Spells: 19/32 levels left

rFire    . . .     SeeInvis +   a - +4 quick blade of Wakoqat {venom, +Rage Stlth+}
rCold    + . .     Gourm    .   H - +2 buckler
rNeg     + + +     Faith    .   G - +1 troll leather armour
rPois    ∞         Spirit   .   O - +1 hat {MR+}
rElec    .         Reflect  .   P - +2 cloak of Xusmooli {+Fly Int+3}
rCorr    .         Harm     .   (gloves unavailable)
MR       +++..                  (boots unavailable)
Stlth    +++++++...             v - amulet of magic regeneration
HPRegen  0.64/turn              o - ring of protection from cold
MPRegen  0.46/turn              R - ring of Reimbursement {Str-2 Int+5 Dex+5}

@: silence, petrified, engulfed, barbed spikes, very quick
A: very small, unfitting armour, see invisible, herbivore, speed 3, mutation
resistance 1, slow metabolism 2, strong 1, MP-powered wands
a: Draw Escape, Draw Destruction, Draw Summoning, Renounce Religion, Evoke
Berserk Rage, Evoke Flight


You were on level 1 of the Shoals.
You worshipped Nemelex Xobeh.
Nemelex Xobeh was exalted by your worship.
You were not hungry.

You visited 6 branches of the dungeon, and saw 26 of its levels.
You also visited: Ice Cave and Volcano.

You collected 3057 gold pieces.
You spent 143 gold pieces at shops.

Inventory:

Hand Weapons
 a - the +4 quick blade of Wakoqat (weapon) {venom, +Rage Stlth+}
   (You acquired it on level 5 of the Lair of Beasts)

   It poisons the flesh of those it strikes.
   It lets you go berserk.
   It makes you more stealthy.
 b - a +0 fustibalus
 M - a +6 short sword of holy wrath
Missiles
 n - 13 curare-tipped darts (quivered)
 S - 86 sling bullets
Armour
 D - a scarf of spirit shield
 G - a +1 troll leather armour (worn)
 H - a +2 buckler (worn)
 O - a +1 hat of magic resistance (worn)
 P - the +2 cloak of Xusmooli (worn) {+Fly Int+3}
   (You found it in an ice cave)

   It affects your intelligence (+3).
   It lets you fly.
Jewellery
 e - the ring of Equilibrium {AC+1 Int+4, unknown}
   (You found it on level 1 of the Shoals)

   [ring of protection]

   It affects your AC (+1).
   It affects your intelligence (+4).
 o - a ring of protection from cold (left hand)
 v - an amulet of magic regeneration (around neck)
 C - an uncursed ring of magical power
 K - an uncursed ring of protection from cold
 R - the ring of Reimbursement (right hand) {Str-2 Int+5 Dex+5}
   (You acquired it on level 1 of the Shoals)

   [ring of dexterity]

   It affects your strength (-2).
   It affects your intelligence (+5).
   It affects your dexterity (+5).
Wands
 d - a wand of enslavement (10)
 l - a wand of scattershot (4)
 q - a wand of clouds (5)
 I - a wand of flame (58)
 L - a wand of paralysis (4)
 Q - a wand of polymorph (7)
 U - a wand of disintegration (22)
 V - a wand of iceblast (29)
Scrolls
 g - 7 scrolls of amnesia
 h - a scroll of identify
 k - 5 scrolls of fear
 r - a scroll of teleportation
 x - 2 scrolls of enchant weapon
 y - 6 scrolls of enchant armour
 E - 2 scrolls of blinking
 J - 9 scrolls of remove curse
 N - 2 scrolls of acquirement
 T - a scroll of fog
 W - a scroll of immolation
Potions
 c - 2 potions of magic
 i - 7 potions of might
 j - a potion of berserk rage
 m - 4 potions of ambrosia
 p - 7 potions of agility
 s - 2 potions of resistance
 t - 3 potions of lignification
 u - 3 potions of flight
 w - 3 potions of curing
 z - 4 potions of mutation
 A - 6 potions of heal wounds
 B - a potion of brilliance
 F - a potion of cancellation
 Y - 3 potions of haste
Miscellaneous
 X - a phantom mirror
 Z - a lightning rod (4/4)
Comestibles
 f - 17 rations


   Skills:
 + Level 9.9 Fighting
 + Level 12.9 Short Blades
 + Level 14.7(14.8) Slings
 + Level 2.3(8.7) Throwing
 + Level 4.7 Armour
 + Level 17.2 Dodging
 + Level 17.4 Stealth
 + Level 3.2 Shields
 + Level 8.5 Spellcasting
 + Level 5.9 Hexes
 + Level 10.4 Poison Magic
 + Level 6.8 Invocations
 + Level 8.1 Evocations


You had 19 spell levels left.
You knew the following spells:

 Your Spells              Type           Power        Failure   Level  Hunger
a - Olgreb's Toxic Radia  Pois           ######..     1%          4    ##.....
b - Confuse               Hex            #####...     2%          3    None
c - Invisibility          Hex            #####...     78%         6    ######.

Your spell library contained the following spells:

 Spells                   Type           Power        Failure   Level  Hunger
 Confusing Touch          Hex            #####.       1%          1    None
 Sting                    Conj/Pois      ####         1%          1    None
 Poisonous Vapours        Pois/Air       #####.       1%          2    None
 Tukima's Dance           Hex            #####...     2%          3    None
 Spider Form              Tmut/Pois      #####.....   3%          3    None
 Mephitic Cloud           Conj/Pois/Air  ####....     7%          3    None
 Apportation              Tloc           ##....       10%         1    None
 Beastly Appendage        Tmut           ##....       10%         1    None
 Shock                    Conj/Air       ##..         10%         1    None
 Summon Butterflies       Summ           ##......     10%         1    None
 Sticks to Snakes         Tmut           ##......     14%         2    None
 Swiftness                Chrm/Air       ##......     14%         2    None
 Call Canine Familiar     Summ           ##......     28%         3    None
 Gell's Gravitas          Tloc           ##........   28%         3    None
 Lesser Beckoning         Tloc           ##........   28%         3    None
 Recall                   Summ/Tloc      N/A          28%         3    None
 Static Discharge         Conj/Air       ##......     28%         3    None
 Alistair's Intoxication  Tmut/Pois      #####...     30%         5    ####...
 Venom Bolt               Conj/Pois      #####.....   30%         5    ####...
 Metabolic Englaciation   Hex/Ice        ####......   61%         5    ####...
 Yara's Violent Unravell  Hex/Tmut       ####......   61%         5    ####...
 Airstrike                Air            ##........   67%         4    ##.....
 Force Lance              Conj/Tloc      ##......     67%         4    ##.....
 Ice Form                 Ice/Tmut       ##......     67%         4    ##.....
 Petrify                  Tmut/Erth      ##......     67%         4    ##.....
 Poison Arrow             Conj/Pois      #####.....   86%         6    ######.
 Blade Hands              Tmut           ##........   95%         5    ####...
 Lightning Bolt           Conj/Air       ##........   95%         5    ####...
 Conjure Ball Lightning   Conj/Air       ##........   100%        6    ######.
 Chain Lightning          Conj/Air       ##........   100%        8    #######
 Ignition                 Fire           ##........   100%        8    #######
 Lehudib's Crystal Spear  Conj/Erth      ##........   100%        8    #######
 Fire Storm               Conj/Fire      ##........   100%        9    #######
 Glaciate                 Conj/Ice       ##........   100%        9    #######
 Shatter                  Erth           ##........   100%        9    #######
 Tornado                  Air            ##........   100%        9    #######


Dungeon Overview and Level Annotations

Branches:
Dungeon (15/15)            Temple (1/1) D:4            Lair (6/6) D:8
 Shoals (1/4) Lair:2        Snake (0/4) Lair:4        Slime (0/5) Lair:5
    Orc (2/2) D:11            Elf (1/3) Orc:2        Vaults (0/5) D:14
 Depths (0/5) D:15          IceCv (visited)         Volcano (visited)

Altars:
Ashenzari
Cheibriados
Dithmenos
Elyvilon
Fedhas
Gozag
Hepliaklqana
Kikubaaqudgha
Makhleb
Nemelex Xobeh
Okawaru
Qazlal
Ru
Sif Muna
Trog
Uskayaw
Vehumet
Wu Jian
Xom
Yredelemnul
Zin
The Shining One
Beogh
Jiyva

Shops:
D:4 =   D:6 =   Orc:2 ((}

Annotations:
Shoals:1 1 transporter
Elf:1 Jorgrun


Innate Abilities, Weirdness & Mutations

You are very small and have problems with some larger weapons.
You are too small for most types of armour.
You have supernaturally acute eyesight. (SInv)
You are a herbivore.
You cover ground extremely quickly.
You need to consume almost no food.
You are somewhat resistant to further mutation.
Your muscles are strong. (Str +2)
You expend magic power (3 MP) to strengthen your wands.


Message History

The faun shoots a sling bullet.
The sling bullet hits you! The sling bullet burns you.
The snapping turtle bites you from afar!!
* * * LOW HITPOINT WARNING * * *
The power of Zot is invoked against you!
You see a puff of smoke.
Wisps of shadow whirl around...
You have turned to stone.
The water elemental hits you.
* * * LOW HITPOINT WARNING * * *
The snapping turtle bites you from afar!
* * * LOW HITPOINT WARNING * * *
The merfolk hits you from afar with a +0 trident!
* * * LOW HITPOINT WARNING * * *
The manticore flicks its tail.
The volley of spikes hits you!
The barbed spikes become lodged in your body.
* * * LOW HITPOINT WARNING * * *
The merfolk hits you with a +0 trident!!
You die...
Your body glows with a rainbow of weird colours and disappears.

## ##.##^## ######..≈≈≈≈≈≈≈≈≈≈
##.^(...### #.≈≈≈≈≈≈≈≈≈≈≈
####^.#.###(.###### #≈≈≈≈≈≈≈≈≈≈≈≈
#.^S..#^c..^^.#=^"###≈≈≈≈≈≈≈≈≈≈..
#^^.#S.^#..^^(#^?^###≈≈≈≈≈≈≈≈≈.≈.
#^..#^#^S...^^'|^$###≈≈≈.....≈≈≈≈
#©.^.^^^#....S#tH©###©≈≈.......≈≈
#^..#.#^^..^^mmE^$###..≈.......≈≈
#^^.#^(.#..^^.#.@H###............
#....^#^....^.#/^m###............
####..#.###..###### #............
##.^.. .### #...........# ##
##.##^# ######............ .## ##
## ###≈≈......#.###.... ..##
##≈≈≈.......####...≈≈
...##########..≈≈.......# ##..≈≈≈
....≈≈≈≈≈≈≈....≈≈.......###..≈≈≈≈


You could see a sea snake, a snapping turtle, 3 merfolk, 2 manticores and a
water elemental.

Vanquished Creatures
  Gastronok (Lair:1)
  A ghost moth (Lair:5)
  Louise (D:14)
  2 deep elf sorcerers (Elf:1)
  An orc warlord (Orc:1)
  Nessos (D:14)
  A minotaur (Lair:5)
  A deep elf death mage (Elf:1)
  A merfolk javelineer (Shoals:1)
  Erolcha (D:10)
  A merfolk impaler (Shoals:1)
  A fire dragon (Lair:1)
  9 hydras
  3 ogre magi (Orc:2)
  3 vault guards (D:14)
  5 catoblepae
  A merfolk avatar (Shoals:1)
  3 centaur warriors
  Erica (D:8)
  2 two-headed ogres
  5 dancing weapons (Elf:1)
  15 death yaks
  4 tengu warriors
  A death knight (D:13)
  A hell knight (Volcano)
  Nergalle (Lair:3)
  Sonja (Lair:3)
  6 deep elf knights (Elf:1)
  2 fire crabs (Orc:2)
  6 skeletal warriors
  A death drake (shapeshifter) (Elf:1)
  2 sea snakes
  5 wizards (D:14)
  6 harpies (Shoals:1)
  4 unseen horrors
  2 deep elf archers (Elf:1)
  25 deep elf magi
  9 ugly things
  An orc knight (D:15)
  An orb spider (Lair:5)
  A wolf spider zombie (D:15)
  A harpy (shapeshifter) (D:15)
  A salamander (shapeshifter) (D:13)
  4 orc sorcerers (Orc:2)
  8 manticores
  18 elephants
  2 cyclopes
  An ice statue (IceCv)
  A centaur zombie (D:15)
  Joseph (D:8)
  A black mamba (Lair:5)
  3 merfolk sirens (Shoals:1)
  2 water nymphs (Shoals:1)
  A molten gargoyle (Lair:1)
  A gargoyle (D:14)
  2 torpor snails
  8 spiny frogs
  A kobold demonologist (D:9)
  3 rime drakes
  2 freezing wraiths (D:13)
  3 komodo dragons
  A yaktaur (Volcano)
  A polar bear (Lair:6)
  4 harpy zombies (Shoals:1)
  3 tengu conjurers
  3 merfolk
  6 trolls
  3 slime creatures (D:14)
  2 dream sheep
  8 hippogriffs
  8 blink frogs
  A snapping turtle (Shoals:1)
  An air elemental (Elf:1)
  Sigmund (D:3)
  3 wraiths
  A shadow (D:15)
  4 wyverns
  52 yaks
  Eustachio (D:6)
  A hog (Lair:5)
  18 humans
  7 basilisks
  2 hungry ghosts
  6 vampire mosquitoes
  4 fire bats (Lair:1)
  A steam dragon (D:9)
  8 water moccasins
  A warg (D:15)
  2 porcupines
  3 eyes of draining (D:11)
  A hornet zombie (D:13)
  10 ice beasts
  2 phantoms
  22 orc warriors
  A black bear (D:11)
  5 sky beasts
  A necrophage (D:14)
  16 ogres
  12 wolves
  7 scorpions
  22 centaurs
  A hippogriff zombie (Shoals:1)
  12 crocodiles
  2 earth elementals (Elf:1)
  11 bullfrogs
  2 wyvern zombies
  A wyvern skeleton (D:13)
  A water moccasin skeleton (D:8)
  A howler monkey (D:14)
  6 wights
  An electric eel (Lair:1)
  2 crimson imps
  A bullfrog zombie (D:9)
  A lava snake (Lair:3)
  7 hounds
  A jelly (Orc:2)
  19 orc priests
  A bullfrog skeleton (D:9)
  5 centaur skeletons
  28 orc wizards
  Ijyb (D:3)
  3 iguanas
  8 worker ants
  A hound zombie (D:6)
  A hound skeleton (D:6)
  10 gnolls
  5 adders
  4 shadow imps
  An ooze (D:3)
  A worm (D:3)
  7 leopard geckos
  117 orcs
  8 bats
  A bat zombie (Shoals:1)
  2 giant cockroaches
  11 goblins
  14 hobgoblins
  6 jackals
  4 quokkas
  4 ball pythons
  4 frilled lizards
  A giant cockroach zombie (D:6)
  8 kobolds
  A leopard gecko skeleton (D:4)
  A leopard gecko zombie (D:5)
  A quokka skeleton (D:7)
  6 rats
  A plant (Lair:5)
793 creatures vanquished.

Vanquished Creatures (collateral kills)
  An orc warlord (Orc:2)
  The ghost of barcode the Peltast, a journeyman DrAM of Vehumet (Lair:5)
  A catoblepas (Lair:5)
  3 death yaks
  A dancing weapon (Elf:1)
  A skeletal warrior (D:12)
  A death drake (Orc:1)
  A harpy (Shoals:1)
  An ugly thing (D:11)
  A centaur zombie (D:13)
  An ice statue (IceCv)
  A troll (Orc:2)
  2 dream sheep (Lair:6)
  A hippogriff (Orc:1)
  A meliai zombie (D:13)
  3 yaks (Lair:4)
  2 wargs (Orc:1)
  A hungry ghost (D:12)
  5 orc warriors
  5 ogres
  An eye of draining (D:13)
  A big kobold (Orc:1)
  2 wights (D:13)
  2 orc priests
  3 orc wizards (Orc:2)
  Terence (D:3)
  A leopard gecko (Orc:1)
  13 orcs
58 creatures vanquished.

Vanquished Creatures (others)
  A wizard (D:15)
  A warg (D:11)
  A centaur (D:12)
  An orc wizard (Orc:2)
  A ball lightning (D:11)
  2 fire vortices (Lair:5)
  23 fungi
  11 plants
41 creatures vanquished.

Grand Total: 892 creatures vanquished

Notes
Turn   | Place    | Note
-------+----------+-------------------------------------------
     0 | D:1      | Doot the Spriggan Artificer began the quest for the Orb.
     0 | D:1      | Reached XP level 1. HP: 9/9 MP: 4/4
   218 | D:2      | Found a shimmering altar of Xom.
   283 | D:2      | Reached XP level 2. HP: 14/14 MP: 6/6
   298 | D:2      | Reached skill level 5 in Evocations
   305 | D:2      | Reached XP level 3. HP: 17/17 MP: 7/7
   537 | D:2      | Found a hide-covered altar of Uskayaw.
   573 | D:2      | Found a bloodstained altar of Trog.
   696 | D:2      | Reached skill level 1 in Fighting
  1008 | D:3      | Noticed Terence
  1019 | D:3      | Killed Terence
  1019 | D:3      | Reached XP level 4. HP: 22/22 MP: 9/9
  1598 | D:3      | Noticed Ijyb
  1617 | D:3      | Killed Ijyb
  1617 | D:3      | Reached XP level 5. HP: 19/25 MP: 10/10
  2225 | D:4      | Reached XP level 6. HP: 28/30 MP: 11/11
  2387 | D:4      | Found Woud Lul's Jewellery Shoppe.
  2826 | D:4      | Found a staircase to the Ecumenical Temple.
  2837 | Temple   | Entered the Ecumenical Temple
  3038 | Temple   | Became a worshipper of Nemelex Xobeh the Trickster
  3188 | D:5      | Entered Level 5 of the Dungeon
  3194 | D:5      | Received a gift from Nemelex Xobeh
  3350 | D:5      | Reached skill level 5 in Dodging
  3512 | D:5      | Noticed a sky beast
  3523 | D:5      | Killed a sky beast
  3523 | D:5      | Reached skill level 5 in Stealth
  3523 | D:5      | Reached XP level 7. HP: 35/35 MP: 12/12
  3548 | D:5      | Found an opulent altar of Gozag.
  3746 | D:5      | Reached * piety under Nemelex Xobeh
  4104 | D:3      | Noticed Sigmund
  4131 | D:3      | Killed Sigmund
  4549 | D:1      | Received a gift from Nemelex Xobeh
  5114 | D:4      | Reached skill level 5 in Short Blades
  5466 | D:4      | Reached ** piety under Nemelex Xobeh
  5836 | D:6      | Found Ragrofun's Jewellery Emporium.
  5954 | D:6      | Reached XP level 8. HP: 36/39 MP: 13/13
  5985 | D:6      | Found a white marble altar of Elyvilon.
  5985 | D:6      | Found a snail-covered altar of Cheibriados.
  5987 | D:6      | Found an ancient bone altar of Kikubaaqudgha.
  6125 | D:6      | Noticed Eustachio
  6132 | D:6      | Killed Eustachio
  7101 | D:7      | Noticed a hippogriff
  7103 | D:7      | Killed a hippogriff
  7237 | D:7      | Found a radiant altar of Vehumet.
  7283 | D:7      | Noticed a troll
  7323 | D:7      | Killed a troll
  7323 | D:7      | Reached XP level 9. HP: 39/45 MP: 15/15
  7872 | D:7      | Received a gift from Nemelex Xobeh
  7901 | D:8      | Reached *** piety under Nemelex Xobeh
  8002 | D:10     | Entered Level 10 of the Dungeon
  8191 | D:8      | Noticed Joseph
  8235 | D:8      | Killed Joseph
  8235 | D:8      | Reached skill level 1 in Throwing
  8280 | D:8      | Noticed Erica
  8394 | D:8      | Found a staircase to the Lair.
  8419 | D:8      | Killed Erica
  8419 | D:8      | Reached skill level 10 in Dodging
  8495 | D:8      | Reached skill level 1 in Armour
  8591 | D:8      | Found a roughly hewn altar of Beogh.
  8692 | D:8      | Received a gift from Nemelex Xobeh
  8929 | D:9      | Reached XP level 10. HP: 51/51 MP: 16/16
  9096 | D:9      | Found an ancient bone altar of Kikubaaqudgha.
  9143 | D:9      | Learned a level 4 spell: Olgreb's Toxic Radiance
  9337 | D:9      | Received a gift from Nemelex Xobeh
  9522 | D:9      | Reached **** piety under Nemelex Xobeh
  9562 | D:9      | Noticed a soul eater
  9571 | D:9      | Reached skill level 1 in Poison Magic
  9806 | D:10     | Found a sacrificial altar of Ru.
  9904 | D:10     | Received a gift from Nemelex Xobeh
  9907 | D:10     | Noticed Erolcha
  9944 | D:10     | Killed Erolcha
  9944 | D:10     | Reached skill level 10 in Stealth
 10642 | D:11     | Received a gift from Nemelex Xobeh
 10658 | D:11     | Noticed a manticore
 10692 | D:11     | Killed a manticore
 10692 | D:11     | Reached skill level 5 in Fighting
 10844 | D:11     | Noticed a cyan ugly thing
 10920 | D:11     | Noticed a white ugly thing
 10949 | D:11     | Killed a white ugly thing
 11281 | D:11     | Found a staircase to the Orcish Mines.
 11351 | D:11     | Reached skill level 10 in Short Blades
 11357 | D:11     | Reached XP level 11. HP: 56/56 MP: 17/17
 11420 | D:11     | Killed a cyan ugly thing
 11541 | D:11     | Noticed an unseen horror
 11572 | D:11     | Killed an unseen horror
 11675 | D:11     | Received a gift from Nemelex Xobeh
 11702 | D:11     | Gained mutation: Your muscles are strong. (Str +2) [potion
                  | of mutation]
 11702 | D:11     | Gained mutation: You expend magic power (3 MP) to
                  | strengthen your wands. [potion of mutation]
 11702 | D:11     | Gained mutation: You are somewhat resistant to further
                  | mutation. [potion of mutation]
 11791 | D:11     | Noticed a two-headed ogre
 11795 | D:11     | Killed a two-headed ogre
 11824 | D:11     | Reached ***** piety under Nemelex Xobeh
 12048 | D:11     | Received a gift from Nemelex Xobeh
 12407 | Orc:1    | Entered Level 1 of the Orcish Mines
 12497 | Orc:1    | Noticed an orc sorcerer
 12498 | Orc:1    | Noticed a death drake
 12498 | Orc:1    | an orc sorcerer changed into a death drake
 12505 | Orc:1    | Killed a death drake
 12527 | Orc:1    | Received a gift from Nemelex Xobeh
 12529 | Orc:1    | Reached skill level 5 in Poison Magic
 12551 | Orc:1    | Noticed an orc warlord
 12569 | Orc:1    | Killed an orc warlord
 12693 | Orc:1    | Found a dark tunnel.
 12703 | Volcano  | Entered a volcano
 12807 | Volcano  | Noticed a hell knight
 12813 | Volcano  | Killed a hell knight
 12854 | Volcano  | Noticed a centaur warrior
 12859 | Volcano  | Killed a centaur warrior
 13311 | Orc:1    | Found a radiant altar of Vehumet.
 13405 | D:12     | Noticed an unseen horror
 13493 | D:12     | Reached XP level 12. HP: 34/61 MP: 16/18
 13667 | Lair:1   | Entered Level 1 of the Lair of Beasts
 13723 | Lair:1   | Received a gift from Nemelex Xobeh
 13819 | Lair:1   | Found a burning altar of Makhleb.
 14149 | Lair:1   | Noticed a fire dragon
 14170 | Lair:1   | Killed a fire dragon
 14625 | Lair:1   | Noticed Gastronok
 14631 | Lair:1   | Killed Gastronok
 14668 | Lair:2   | Found a staircase to the Shoals.
 14669 | Lair:2   | Noticed a death yak
 14670 | Lair:2   | Noticed a death yak
 14730 | Lair:1   | Killed a death yak
 14860 | Lair:2   | Received a gift from Nemelex Xobeh
 15133 | Lair:1   | Killed a death yak
 15183 | Lair:2   | Reached skill level 1 in Slings
 15627 | Lair:3   | Noticed Sonja
 15630 | Lair:3   | Killed Sonja
 15685 | Lair:3   | Reached ****** piety under Nemelex Xobeh
 15685 | Lair:3   | Received a gift from Nemelex Xobeh
 15711 | Lair:3   | Noticed Nergalle
 15717 | Lair:3   | Killed Nergalle
 16264 | Lair:3   | Noticed a four-headed hydra
 16279 | Lair:3   | Killed a four-headed hydra
 16434 | Lair:3   | Received a gift from Nemelex Xobeh
 16592 | Lair:4   | Received a gift from Nemelex Xobeh
 16603 | Lair:4   | Reached XP level 13. HP: 66/67 MP: 19/19
 16925 | Lair:5   | Found a staircase to the Slime Pits.
 16925 | Lair:5   | Found a viscous altar of Jiyva.
 16940 | Lair:5   | Reached skill level 5 in Slings
 17183 | Lair:5   | Noticed a ghost moth
 17183 | Lair:5   | a seven-headed hydra changed into a ghost moth
 17190 | Lair:5   | Killed a ghost moth
 17190 | Lair:5   | Reached skill level 1 in Invocations
 17270 | Lair:5   | Identified 2 scrolls of acquirement
 17276 | Lair:5   | Got an ivory quick blade
 17277 | Lair:5   | Identified the +4 quick blade of Wakoqat {venom, +Rage
                  | Stlth+} (You acquired it on level 5 of the Lair of Beasts)
 17285 | Lair:6   | Entered Level 6 of the Lair of Beasts
 17285 | Lair:6   | Found a runed translucent gate.
 17286 | Lair:6   | Found a runed translucent gate.
 17287 | Lair:6   | Found a runed translucent gate.
 17293 | Lair:6   | Noticed a minotaur
 17307 | Lair:6   | Noticed barcode's ghost (journeyman DrAM)
 17759 | Lair:5   | Received a gift from Nemelex Xobeh
 18311 | Lair:5   | Reached skill level 1 in Spellcasting
 18620 | Lair:4   | Found a staircase to the Snake Pit.
 18630 | Lair:4   | Received a gift from Nemelex Xobeh
 19873 | Lair:5   | Reached skill level 10 in Slings
 19873 | Lair:5   | Reached skill level 15 in Dodging
 20193 | Lair:5   | Killed barcode's ghost
 20266 | Lair:5   | Killed a minotaur
 20266 | Lair:5   | Reached XP level 14. HP: 58/72 MP: 21/21
 20411 | Lair:6   | Reached skill level 5 in Invocations
 20421 | Lair:6   | Received a gift from Nemelex Xobeh
 21220 | Lair:6   | Reached skill level 5 in Spellcasting
 21614 | Lair:6   | Received a gift from Nemelex Xobeh
 22719 | D:11     | Reached skill level 15 in Stealth
 23419 | D:12     | Received a gift from Nemelex Xobeh
 23616 | D:12     | Got a fabulously ornate robe
 23627 | D:12     | Identified the +2 robe of Precision Catastrophes {-Cast
                  | +Fly rPois Int-4} (You found it on level 12 of the Dungeon)
 24387 | D:13     | Found a roughly hewn altar of Beogh.
 24414 | D:13     | Reached XP level 15. HP: 78/78 MP: 23/23
 24535 | D:13     | Received a gift from Nemelex Xobeh
 25058 | D:13     | Received a gift from Nemelex Xobeh
 25304 | D:13     | Got a warped dagger
 25305 | D:13     | Identified the +3 dagger of the Living Dead {holy, rF+
                  | Int+3} (You found it on level 13 of the Dungeon)
 25761 | D:14     | Noticed Louise
 25768 | D:14     | Killed Louise
 26010 | D:14     | Reached skill level 1 in Shields
 26029 | D:14     | Found a gate to the Vaults.
 26442 | D:14     | Received a gift from Nemelex Xobeh
 26588 | D:14     | Noticed Nessos
 26595 | D:14     | Killed Nessos
 27057 | D:15     | Entered Level 15 of the Dungeon
 27075 | D:15     | Found a frozen archway.
 27083 | IceCv    | Entered an ice cave
 27083 | IceCv    | Received a gift from Nemelex Xobeh
 27084 | IceCv    | Found a transporter.
 27183 | IceCv    | Identified the +2 cloak of Xusmooli {+Fly Int+3} (You found
                  | it in an ice cave)
 27199 | IceCv    | Found a transporter.
 27356 | IceCv    | Identified the +5 executioner's axe "Patotas" {chop, *Drain
                  | rElec Str+3 Int+4}
 27710 | D:15     | Received a gift from Nemelex Xobeh
 27749 | D:15     | Learned a level 3 spell: Confuse
 28224 | D:15     | Received a gift from Nemelex Xobeh
 28244 | D:15     | Found a staircase to the Depths.
 28248 | D:15     | Reached skill level 1 in Hexes
 29223 | Shoals:1 | Entered Level 1 of the Shoals
 29358 | Orc:2    | Entered Level 2 of the Orcish Mines
 29363 | Orc:2    | Received a gift from Nemelex Xobeh
 29364 | Orc:2    | Noticed an orc warlord
 29397 | Orc:2    | Killed an orc warlord
 29457 | Orc:2    | Found a staircase to the Elven Halls.
 29885 | Orc:2    | Received a gift from Nemelex Xobeh
 29912 | Orc:2    | Reached XP level 16. HP: 69/84 MP: 22/26
 30271 | Orc:2    | Found Fearph's Antique Weapon Boutique.
 30343 | Orc:2    | Found Zolocox's Antique Weapon Shop.
 30535 | Orc:2    | Found an ancient bone altar of Kikubaaqudgha.
 30756 | Orc:2    | Found a roughly hewn altar of Beogh.
 30756 | Orc:2    | Found Yskuf's Distillery.
 30766 | Orc:2    | Found Xaas's Gadget Shop.
 30812 | Orc:2    | Bought a wand of disintegration (7) for 143 gold pieces
 30822 | Orc:2    | Found a radiant altar of Vehumet.
 31007 | Elf:1    | Entered Level 1 of the Elven Halls
 31024 | Elf:1    | Found an ancient bone altar of Kikubaaqudgha.
 31981 | Elf:1    | Received a gift from Nemelex Xobeh
 32243 | Elf:1    | Noticed Jorgrun
 32244 | Elf:1    | Noticed Jorgrun
 32244 | Elf:1    | Jorgrun changed into Jorgrun the catoblepas
 32469 | Elf:1    | Reached skill level 10 in Poison Magic
 32505 | Elf:1    | Reached skill level 5 in Hexes
 32600 | Elf:1    | Identified the Tome of Supportive Combat Magic
 33131 | Shoals:1 | Found a transporter.
 33174 | Shoals:1 | Received a gift from Nemelex Xobeh
 33589 | Shoals:1 | Found a transporter.
 34205 | Shoals:1 | Received a gift from Nemelex Xobeh
 34408 | Shoals:1 | Learned a level 6 spell: Invisibility
 34412 | Shoals:1 | Got a slimy lapis lazuli ring
 34414 | Shoals:1 | Identified the ring of Reimbursement {Str-2 Int+5 Dex+5}
                  | (You acquired it on level 1 of the Shoals)
 34430 | Shoals:1 | Paralysed by the power of Zot for 2 turns
 34456 | Shoals:1 | Got a brightly glowing pewter ring
 34459 | Shoals:1 | HP: 3/85 [manticore/volley of spikes[the power of Zot] (5)]
 34459 | Shoals:1 | Mangled by a merfolk

Levels and vault maps discovered:
D:1:      dpeg_arrival_leaves_temple_mockup, layout_basic, st_stairs_10
D:2:      layout_basic, old_standard_altar, lemuel_coloured_pillars_altar,
          trog_three_pillars_becter
D:3:      layout_rooms, first_ration, uniq_sigmund, uniq_ijyb, uniq_terence
D:4:      minmay_wonky_spiral, layout_cave_pods, minmay_temple_entry_overgrown,
          serial_column_ruins, column_ruins_square_medium, column_ruins_hut,
          column_ruins_corridor_straight, column_ruins_grid_1,
          column_ruins_open_medium, column_ruins_open_tiny,
          column_ruins_columns_T, serial_shops, nicolae_shop_crystal,
          kennysheep_decorative_pillar
D:5:      layout_basic, old_standard_altar
D:6:      layout_basic, gammafunk_temple_overflow_forgotten, serial_shops,
          nicolae_shop_statue_plus, uniq_eustachio
D:7:      layout_loops_cross, lemuel_altar_in_water
D:8:      layout_rooms, lair_entry_dummy, special_room [special_room_orc],
          uniq_joseph, uniq_erica
D:9:      kennysheep_big_flooded_room, layout_loops_ring, grunt_ogre_cave,
          lemuel_tele_altar
D:10:     layout_long_grid, nicolae_ru_sacrificial_ziggurat, uniq_erolcha
D:11:     layout_layer_cave, erik_orc_4
D:12:     layout_basic, billiards_dpeg
D:13:     layout_roguey [special_room_orc], minivault_25_ag,
          minmay_misc_feat_ornament
D:14:     layout_stronghold, grunt_vaults_entry_tiered, minmay_staircase_bubble,
          uniq_nessos, uniq_louise
D:15:     hangedman_depths_entry_try_elsewhere_first, layout_cave_pods,
          minmay_misc_feat_alley, portal_ice_cave_rime, serial_glass,
          glass_columns_a, glass_columns_b, glass_columns_c, glass_columns_a,
          glass_columns_b, glass_columns_a, glass_columns_b, glass_columns_a
Temple:   nicolae_temple_elliptical
Lair:1:   dragon1_lemuel, layout_regular_city, basic_altar, minmay_holes,
          nicolae_quartered_pool_super, uniq_gastronok
Lair:2:   layout_misc_corridors, shoals_dummy_entry
Lair:3:   layout_gridlike, uniq_nergalle, uniq_sonja
Lair:4:   layout_cave_pods, dummy_snake_entry
Lair:5:   layout_layer_cave, slime_altar_1
Lair:6:   evilmike_catoblepas_cave, layout_layer_cave,
          maelrawn_ghost_gauntlet_escape
Shoals:1: gammafunk_its_a_trap, layout_shoals, nicolae_shoals_undead_eyrie
Orc:1:    layout_diamond_mine, basic_altar, lightli_volcano_entry_magma_tube
Orc:2:    kennysheep_orc_mage_school, layout_caves, nicolae_orc_lava_room
Elf:1:    kennysheep_spiral_hall, layout_geoelf_diagonals, basic_altar,
          minmay_elf_sorcery, uniq_jorgrun

Skill      XL: |  1  2  3  4  5  6  7  8  9 10 11 12 13 14 15 16 |
---------------+-------------------------------------------------+-----
Evocations     | 5 6 7 8 |  8.1
Stealth        | 2 3 4 5 7 8 9 10 12 13 14 15 16 17 | 17.4
Fighting       | 1 2 3 4 5 6 7 8 9 |  9.9
Short Blades   | 2 3 4 5 7 9 10 11 12 | 12.9
Dodging        | 4 5 7 10 11 13 14 15 16 17 | 17.2
Throwing       | 1 2 |  2.3
Armour         | 1 2 3 4 |  4.7
Poison Magic   | 4 5 7 8 9 10 | 10.4
Slings         | 4 10 13 14 | 14.7
Invocations    | 4 6 |  6.8
Spellcasting   | 4 5 6 8 |  8.5
Shields        | 2 3 |  3.2
Hexes          | 2 5 |  5.9

Action                   |  1- 3 |  4- 6 |  7- 9 | 10-12 | 13-15 | 16-18 || total
-------------------------+-------+-------+-------+-------+-------+-------++-------
Melee: Short sword       |    26 |       |       |       |       |    34 ||    60
       Dagger            |    28 |   141 |   724 |  1181 |   301 |       ||  2375
       Staff             |       |       |    36 |       |       |       ||    36
       Quick blade       |       |       |       |       |  2400 |   588 ||  2988
 Fire: Hunting sling     |       |       |       |    33 |       |       ||    33
       Fustibalus        |       |       |       |       |   176 |    26 ||   202
Throw: Dart              |       |     3 |     8 |     4 |     6 |     3 ||    24
 Cast: Olgreb's Toxic Ra |       |       |       |       |    55 |    35 ||    90
       Confuse           |       |       |       |       |       |    13 ||    13
Invok: Deal Four         |       |       |       |       |     2 |     1 ||     3
 Abil: Draw Summoning    |       |       |       |     4 |    13 |     4 ||    21
       Draw Destruction  |       |       |       |    18 |    25 |    17 ||    60
       Draw Escape       |       |       |       |     4 |     1 |       ||     5
       Evoke Berserk Rag |       |       |       |       |     1 |     2 ||     3
       Evoke Flight      |       |       |       |       |     1 |       ||     1
Evoke: Wand              |    17 |    10 |     1 |    10 |    10 |    13 ||    61
       Lightning rod     |       |       |       |       |       |     1 ||     1
  Use: Scroll            |       |       |    17 |     7 |    18 |     3 ||    45
       Potion            |       |       |       |     2 |       |     1 ||     3
 Stab: Sleeping          |     5 |     8 |    14 |    23 |    46 |    10 ||   106
       Distracted        |       |       |     3 |     3 |     8 |     4 ||    18
       Petrified         |       |       |       |       |    19 |       ||    19
       Petrifying        |       |       |       |       |     2 |       ||     2
       Confused          |       |       |       |       |     1 |     6 ||     7
       Paralysed         |       |       |       |       |       |     1 ||     1
  Eat: Ration            |       |       |     3 |     5 |    15 |     6 ||    29
Armor: Robe              |       |     9 |    18 |       |       |       ||    27
       Troll leather arm |       |       |     5 |    45 |   110 |    35 ||   195
Dodge: Dodged            |    41 |   108 |   495 |   741 |  1284 |   405 ||  3074
Block: Buckler           |       |       |       |       |   193 |   154 ||   347
